AoeStats
← sky2551230

Arena

510298179Analyzed
3v3 RM · 23h ago on Sep 30, 2026· 42m 41s· 6 players
Game mode
Random Map
Map size
Normal (6 player)
Population
200
Speed
Normal
Resources
Standard
Victory
Conquest
Starting age
Dark Age
Ending age
Imperial Age
RankedLock teamsTeams togetherTeam positionsShared explorationLock speedFull tech treeHidden civsTurbo modeCheats
Victory
Defeat
🇬🇧 Poles · United Kingdom
1132
+36
🇨🇳 Bohemians · China
1104
+14
🇪🇸 Teutons · Spain
1069
+15
🇹🇼 Burgundians · Taiwan
1101
-16
🇹🇼 Persians · Taiwan
1065
-14
🇹🇼 Saxons · Taiwan
997
-12
UpsideDownCumbrian
8:25 Feudal Age
8:04 Loom
8:55 Double-Bit Axe
8:51 Horse Collar
9:52 Town Watch
14:54 Fletching
21:38 Castle Age
22:19 Bodkin Arrow
22:44 Bow Saw
22:35 Heavy Plow
23:14 Guard Tower
26:32 Pikeman
28:25 Gold Mining
29:08 Scale Mail Armor
29:19 Forging
30:35 Ballistics
32:23 Chain Mail Armor
35:40 Imperial Age
34:46 Squires
35:29 Wheelbarrow
34:53 Stone Mining
36:11 Iron Casting
36:16 Masonry
35:43 Capped Ram
37:01 Keep
36:28 Bracer
37:22 Plate Mail Armor
38:16 Blast Furnace
38:13 Conscription
38:25 Elite Obuch
38:52 Crossbowman
39:33 Arbalester
40:18 Thumb Ring
42:06 Chemistry
41:20 Thumb Ring
42:24 Padded Archer Armor
43:19 Hoardings
churre13
11:31 Feudal Age
12:11 Horse Collar
17:44 Castle Age
16:25 Double-Bit Axe
17:39 Bloodlines
19:31 Wheelbarrow
29:04 Imperial Age
26:44 Town Watch
26:52 Gold Mining
27:15 Bow Saw
28:27 Scale Barding Armor
28:35 Heavy Plow
29:14 Cavalier
34:33 Chain Barding Armor
34:24 Forging
36:44 Plate Barding Armor
36:45 Iron Casting
37:28 Conscription
37:43 Paladin
41:40 Blast Furnace
King Bourbon
11:01 Feudal Age
16:58 Castle Age
15:15 Double-Bit Axe
18:10 Bow Saw
18:37 Loom
20:11 Chemistry
26:42 Padded Archer Armor
27:47 Horse Collar
30:10 Fervor
30:22 Sanctity
31:34 Heavy Plow
34:44 Imperial Age
34:03 Leather Archer Armor
35:11 Wheelbarrow
36:29 Ring Archer Armor
37:08 Hand Cart
37:31 Wagenburg Tactics
37:47 Conscription
37:38 Houfnice
38:50 Scale Mail Armor
40:11 Two-Man Saw
sky2551230
10:19 Feudal Age
9:45 Loom
14:48 Castle Age
13:13 Double-Bit Axe
14:05 Horse Collar
17:00 Fletching
20:21 Bodkin Arrow
28:29 Gold Mining
30:24 Wheelbarrow
29:30 Crossbowman
30:15 Thumb Ring
30:35 Bow Saw
31:43 Padded Archer Armor
33:27 Hand Cart
33:34 Hand Cart
33:45 Ballistics
33:49 Pikeman
34:43 Scale Mail Armor
34:53 Forging
37:34 Chain Mail Armor
40:18 Elite Skirmisher
窒息式毒奶大王
9:28 Loom
11:14 Feudal Age
25:48 Castle Age
25:53 Double-Bit Axe
28:04 Kamandaran
28:29 Crossbowman
30:16 Thumb Ring
33:21 Horse Collar
34:26 Fletching
35:50 Heavy Plow
42:52 Imperial Age
40:43 Gold Mining
冰水一壺
10:56 Feudal Age
9:57 Double-Bit Axe
13:36 Loom
16:34 Castle Age
15:50 Bow Saw
16:55 Fletching
21:59 Horse Collar
24:58 Husbandry
25:50 Heavy Plow
26:49 Wheelbarrow
26:04 Town Watch
26:52 Bodkin Arrow
28:36 Scale Barding Armor
28:31 Stone Mining
28:33 Gold Mining
33:32 Imperial Age
32:19 Two-Man Saw
31:55 Crop Rotation
32:46 Gold Shaft Mining
32:57 Hand Cart
32:46 Town Patrol
34:32 Stone Shaft Mining
34:24 Chain Barding Armor
34:14 Forging
35:27 Chemistry
34:07 Treadmill Crane
34:38 Masonry
34:22 Cavalier
35:14 Forging
35:34 Burgundian Vineyards
37:12 Conscription
40:41 Architecture
39:51 Paladin
40:26 Elite Coustillier
Connection lost

Rejoining the realm…

Still unreachable

The connection could not be restored.

Session expired

The server has moved on; the page needs a fresh start.